 Dungeon Crawl Stone Soup version 0.27.1 (webtiles) character file.

Game seed: 6502829245452276612

2202 voltaire321 the Magician (level 9, -6/52 HPs)
             Began as a Deep Elf Conjurer on Aug 29, 2021.
             Killed from afar by Maggie (18 damage)
             ... with a bolt of fire
             ... on level 6 of the Dungeon on Aug 30, 2021.
             The game lasted 00:21:46 (6338 turns).

voltaire321 the Magician (Deep Elf Conjurer)        Turns: 6338, Time: 00:21:46

Health: -6/52      AC:  2    Str:  5    XL:     9   Next: 12%
Magic:  15/21      EV: 14    Int: 26    God:
Gold:   318        SH:  0    Dex: 13    Spells: 14/22 levels left

rFire    . . .     SeeInvis .   b - +3 whip (vorpal)
rCold    + . .     Faith    .   (no shield)
rNeg     . . .     Spirit   .   a - +0 robe
rPois    .         Reflect  .   (no helmet)
rElec    .         Harm     .   (no cloak)
rCorr    .         Rampage  .   (no gloves)
Will     .....                  (no boots)
Stlth    +++.......             r - amulet of magic regeneration
HPRegen  0.17/turn              s - ring of protection from cold
MPRegen  0.42/turn              (no ring)

@: no status effects
A: no striking features
a: no special abilities


You were on level 6 of the Dungeon.
You visited 1 branch of the dungeon, and saw 6 of its levels.
You also visited: Sewer.

You collected 318 gold pieces.

Inventory:

Hand Weapons
 b - a +3 vorpal whip (weapon)
Missiles
 p - 9 curare-tipped darts
Armour
 a - a +0 robe (worn)
 g - a +0 buckler
Jewellery
 r - an amulet of magic regeneration (around neck)
 s - a ring of protection from cold (left hand)
Wands
 f - a wand of digging (4)
 t - a wand of polymorph (8)
 v - a wand of flame (33)
Scrolls
 d - a scroll of fog
 e - 2 scrolls of teleportation
 h - a scroll of blinking
 i - a scroll of enchant armour {unknown}
 q - a scroll of magic mapping
 u - a scroll of fear {unknown}
Potions
 c - 2 potions of might
 j - 3 potions of brilliance
 k - 4 potions of magic
 l - a potion of heal wounds
 m - 2 potions of cancellation
 n - a potion of experience {unknown}
 o - a potion of degeneration {unknown}
 w - a potion of curing


   Skills:
 + Level 3.7 Fighting
 + Level 6.2 Dodging
 + Level 6.6 Stealth
 + Level 3.5 Shields
 + Level 7.0 Spellcasting
 + Level 6.9 Conjurations
 + Level 3.1 Fire Magic


You had 14 spell levels left.
You knew the following spells:

 Your Spells              Type           Power      Damage    Failure   Level
a - Magic Dart            Conj           100%       1d8       1%          1
b - Searing Ray           Conj           90%        3d6       1%          2
c - Bolt of Magma         Conj/Fire/Erth 13%        4d8       41%         5

Your spell library contained the following spells:

 Spells                   Type           Power      Damage    Failure   Level
 Dazzling Flash           Conj/Hex       54%        N/A       4%          3
 Corona                   Hex            10%        N/A       6%          1
 Summon Small Mammal      Summ           36%        N/A       6%          1
 Blink                    Tloc           N/A        N/A       10%         2
 Ensorcelled Hibernation  Hex/Ice        18%        N/A       10%         2
 Fulminant Prism          Conj/Hex       13%        3d9       16%         4
 Iskenderun's Mystic Bla  Conj/Tloc      27%        2d7       16%         4
 Call Canine Familiar     Summ           9%         N/A       19%         3
 Lesser Beckoning         Tloc           4%         N/A       19%         3
 Summon Guardian Golem    Hex/Summ       9%         N/A       19%         3
 Tukima's Dance           Hex            9%         N/A       19%         3
 Leda's Liquefaction      Hex/Erth       4%         N/A       52%         4
 Passage of Golubria      Tloc           N/A        N/A       52%         4
 Manifold Assault         Tloc           9%         N/A       86%         5
 Dispersal                Tloc           4%         N/A       100%        6
 Statue Form              Tmut/Erth      6%         N/A       100%        6
 Chain Lightning          Conj/Air       13%        3d18      100%        9
 Fire Storm               Conj/Fire      17%        8d5       100%        9


Dungeon Overview and Level Annotations

Branches:
Dungeon (6/15)              Sewer (visited)
 Temple: D:4-7

Altars:
Elyvilon

Shops:
D:4 (

Annotations:
D:6 Maggie


Message History

You now have 318 gold pieces (gained 13).
u - a scroll labelled LETED DIFO
There is a stone staircase leading up here.
Maggie the Vainglorious comes into view.
She is wielding a +0 long sword and carrying a wand of iceblast (7).
Casting: Searing Ray (safe; 1% risk of failure)
Confirm with . or Enter, or press ? or * to list all spells.
Aiming: Searing Ray (safe; 1% risk of failure)
Press: ? - help, Shift-Dir - straight line, f - Maggie
Aim: Maggie, wielding a +0 long sword, wearing +0 swamp dragon scales and carrying a wand of iceblast (7) (asleep, 100% to hit)
The searing ray hits Maggie.
Maggie is lightly wounded. (Press . to maintain the ray.)
The searing ray hits Maggie!
Maggie is moderately wounded.
Maggie zaps a wand.
The mass of ice explodes!
The iceblast engulfs you. You partially resist.
The searing ray hits Maggie.
Maggie is moderately wounded.
Maggie says, "Leave now, and tell all of Margery's mercy!"
Maggie zaps a wand.
The mass of ice explodes!
The iceblast engulfs you! You partially resist.
The searing ray hits Maggie.
Maggie is heavily wounded.
You finish channeling your searing ray.
Casting: Searing Ray (safe; 1% risk of failure)
Confirm with . or Enter, or press ? or * to list all spells.
Aiming: Searing Ray (safe; 1% risk of failure)
Press: ? - help, Shift-Dir - straight line, f/p - Maggie
Aim: Maggie, wielding a +0 long sword, wearing +0 swamp dragon scales and carrying a wand of iceblast (5) (moderately wounded, 84% to hit)
The searing ray misses Maggie. (Press . to maintain the ray.) Maggie points at you and mumbles some strange words.
The bolt of fire hits you!!
* * * LOW HITPOINT WARNING * * *
The searing ray misses Maggie.
Maggie closely misses you.
The searing ray hits Maggie!
Maggie is severely wounded.
Maggie points at you and mumbles some strange words.
The bolt of fire hits you!!
You die...

##.#.#......## ..
###............##..
###(...........#.....
###....).##......#....
#.....#####.........#
#.....######......#
.........<........# .
......#######...####....
#.............#.@@....#
#####################...


You could see Maggie.

Vanquished Creatures
  Pikel (D:6)
  Grinder (D:3)
  Sigmund (D:3)
  2 sky beasts
  An ogre (D:4)
  A phantom (D:5)
  2 lemures (D:6)
  2 kobold brigands
  Blork the orc (D:6)
  A bullfrog (D:5)
  2 water moccasin skeletons
  A centaur zombie (D:5)
  2 hounds (D:5)
  4 orc priests
  2 iguanas
  A bullfrog skeleton (D:4)
  Terence (D:3)
  4 orc wizards
  Natasha (thrice) (D:4)
  A hound skeleton (D:5)
  11 adders
  An adder skeleton (D:5)
  2 worms
  A dart slug (D:3)
  20 orcs
  4 endoplasms
  4 giant cockroaches
  5 goblins
  3 hobgoblins
  3 jackals (D:3)
  20 kobolds
  2 quokkas
  7 ball pythons
  10 bats
  10 frilled lizards
  7 rats
144 creatures vanquished.

Vanquished Creatures (others)
  3 plants
3 creatures vanquished.

Grand Total: 147 creatures vanquished

Notes
Turn   | Place    | Note
-------+----------+-------------------------------------------
     0 | D:1      | voltaire321 the Deep Elf Conjurer began the quest for the
                  | Orb.
     0 | D:1      | Reached XP level 1. HP: 10/10 MP: 6/6
   272 | D:1      | Reached XP level 2. HP: 16/16 MP: 2/8
   353 | D:1      | Learned a level 2 spell: Searing Ray
   904 | D:1      | Found a faded altar of an unknown god.
  1261 | D:2      | Reached XP level 3. HP: 20/20 MP: 7/9
  1826 | D:3      | Found a glowing drain.
  1841 | Sewer    | Entered a sewer
  1904 | Sewer    | Reached skill level 1 in Fighting
  2088 | Sewer    | Reached XP level 4. HP: 24/25 MP: 5/11
  2240 | Sewer    | Noticed a kobold brigand
  2246 | Sewer    | Killed a kobold brigand
  2247 | Sewer    | Reached skill level 1 in Shields
  2247 | Sewer    | Reached skill level 4 in Spellcasting
  2247 | Sewer    | Reached skill level 5 in Conjurations
  2247 | Sewer    | Reached XP level 5. HP: 27/29 MP: 3/13
  2863 | D:3      | Noticed Sigmund
  2864 | D:3      | Reached XP level 6. HP: 35/35 MP: 8/14
  3043 | D:3      | Killed Sigmund
  3470 | D:3      | Got the Almanac of Orientation
  3512 | D:3      | Noticed Grinder
  3666 | D:3      | Paralysed by Grinder for 5 turns
  3676 | D:3      | Killed Grinder
  3677 | D:3      | Reached skill level 5 in Spellcasting
  3677 | D:3      | Reached XP level 7. HP: 34/40 MP: 8/16
  3734 | D:3      | Noticed Terence
  3748 | D:3      | Killed Terence
  3998 | D:4      | Reached skill level 5 in Stealth
  4111 | D:4      | Learned a level 5 spell: Bolt of Magma
  4125 | D:4      | Reached skill level 5 in Dodging
  4274 | D:4      | Noticed Natasha
  4276 | D:4      | Found Zokem's Weapon Shoppe.
  4280 | D:4      | Killed Natasha
  4306 | D:4      | Reached skill level 1 in Fire Magic
  4306 | D:4      | Reached XP level 8. HP: 38/45 MP: 13/18
  4321 | D:4      | Noticed Natasha
  4326 | D:4      | Killed Natasha
  4542 | D:4      | Noticed Natasha
  4549 | D:4      | Killed Natasha
  4560 | D:4      | Found a white marble altar of Elyvilon.
  4757 | D:5      | Entered Level 5 of the Dungeon
  4764 | D:5      | Reached skill level 6 in Spellcasting
  5788 | D:6      | Noticed Blork the orc
  5799 | D:6      | Killed Blork the orc
  6020 | D:6      | Noticed Pikel
  6037 | D:6      | Killed Pikel
  6038 | D:6      | Reached skill level 7 in Spellcasting
  6038 | D:6      | Reached XP level 9. HP: 21/52 MP: 11/21
  6327 | D:6      | Noticed Maggie
  6338 | D:6      | Killed from afar by Maggie

Illustrated notes

Levels and vault maps discovered:
D:1:      ncdulo_watergridlock, layout_basic,
          shapermc_ecumenical_altar_starsandcircs, minmay_misc_feat_doors
D:2:      layout_loops_cross, minmay_misc_feat_tiny
D:3:      layout_rooms, cheibrodos_sewer_entry_bend,
          chequers_serial_rivers_room_b, kennysheep_generic_room_15,
          uniq_grinder, uniq_terence, uniq_sigmund
D:4:      layout_loops_ring, nicolae_elyvilon_peaceful_grove, serial_shops,
          shop, uniq_natasha
D:5:      layout_cave_pools, minmay_misc_feat_diagonals, serial_bayou_pond_e,
          serial_bayou_pond_a, hangedman_decor_points
D:6:      layout_rooms, uniq_maggie, uniq_blork_the_orc, uniq_pikel

Skill      XL: |  1  2  3  4  5  6  7  8 |
---------------+-------------------------+-----
Stealth        | 3 4 5 6 |  6.6
Dodging        | 3 4 5 6 |  6.2
Fighting       | 1 2 3 |  3.7
Shields        | 1 2 3 |  3.5
Spellcasting   | 4 5 7 |  7.0
Conjurations   | 5 6 |  6.9
Fire Magic     | 1 3 |  3.1

Action                   |  1- 3 |  4- 6 |  7- 9 || total
-------------------------+-------+-------+-------++-------
Melee: Whip              |    10 |    12 |     4 ||    26
 Cast: Magic Dart        |    59 |    13 |    14 ||    86
       Searing Ray       |     6 |    20 |    47 ||    73
  Use: Scroll            |     2 |       |    12 ||    14
 Stab: Sleeping          |       |     1 |     2 ||     3
Armor: Robe              |     2 |     5 |     1 ||     8
Dodge: Dodged            |     8 |    14 |    35 ||    57
